 Dungeon Crawl Stone Soup version 0.21.0-24-g2553a33 (webtiles) character file.

95 Gorice the Slasher (level 4, -1/35 HPs)
             Began as a Demonspawn Berserker on Jan 20, 2018.
             Was a Believer of Trog.
             Killed by divine providence
             ... invoked by an orc priest
              (12 damage)
             ... on level 3 of the Dungeon.
             The game lasted 00:04:41 (2537 turns).

Gorice the Slasher (Demonspawn Berserker)           Turns: 2537, Time: 00:04:42

Health: -1/35      AC:  5    Str: 18    XL:     4   Next: 39%
Magic:  4/4        EV: 11    Int:  8    God:    Trog [**....]
Gold:   110        SH:  0    Dex: 13    Spells: 3/3 levels left

rFire    . . .     SeeInvis .   a - +0 falchion
rCold    . . .     Gourm    .   (no shield)
rNeg     . . .     Faith    +   o - +0 ring mail
rPois    .         Spirit   .   (no helmet)
rElec    .         Reflect  .   (no cloak)
rCorr    .         Harm     .   (no gloves)
MR       .....                  (no boots)
Stlth    +.........             h - amulet of faith {!P}
HPRegen  0.11/turn              (no ring)
MPRegen  0.09/turn              (no ring)

@: no status effects
A: demonic guardian 1
a: Berserk, Trog's Hand, Burn Spellbooks, Renounce Religion


You were on level 3 of the Dungeon.
You worshipped Trog.
Trog was pleased with you.
You were not hungry.

You visited 1 branch of the dungeon, and saw 3 of its levels.

You collected 110 gold pieces.

Inventory:

Hand Weapons
 a - a +0 falchion (weapon)
Missiles
 e - 46 sling bullets
 Y - 35 stones (quivered)
Armour
 b - a +0 animal skin
 l - a +0 hat
 o - a +0 ring mail (worn)
Jewellery
 h - an amulet of faith (around neck) {!P}
Scrolls
 i - a scroll of remove curse
Potions
 f - a potion of curing
 g - a potion of invisibility {unknown}
 j - 2 potions of might {unknown}
 k - 2 potions of ambrosia {unknown}
 n - a potion of mutation {unknown}
Comestibles
 c - a ration
 m - 2 chunks of flesh


   Skills:
 - Level 3.0 Fighting
 * Level 4.8 Long Blades
 - Level 1.7 Armour
 - Level 1.7 Dodging


You had 3 spell levels left.
You didn't know any spells.

Dungeon Overview and Level Annotations

Branches:
Dungeon (3/15)

Altars:
Okawaru
Ru
Wu Jian


Innate Abilities, Weirdness & Mutations

A weak demonic guardian rushes to your aid.


Message History

Unknown command.
You hit the orc wizard but do no damage.
The orc wizard is moderately wounded.
The orc wizard hits you but does no damage.
The orc priest hits you but does no damage.
You hit the orc wizard.
The orc wizard is severely wounded.
The orc wizard barely misses you.
You riposte.
You miss the orc wizard.
The orc wizard is severely wounded.
The orc wizard hits you but does no damage.
The orc priest hits you but does no damage.
Unknown command.
You hit the orc wizard.
The orc wizard is almost dead.
The orc wizard hits you but does no damage.
The rat bites you but does no damage. The orc priest closely misses you.
You riposte.
You closely miss the orc priest. The orc wizard hits you with a dagger.
Damage: 2 (max 10)
You barely miss the orc wizard.
The orc wizard is almost dead.
The rat bites you but does no damage. The orc wizard barely misses you.
The orc priest barely misses you.
You riposte.
You barely miss the orc priest.
Unknown command.
You barely miss the orc wizard.
The orc wizard is almost dead.
The orc wizard hits you but does no damage.
The rat bites you but does no damage.
The orc priest hits you but does no damage.
The orc wizard gestures wildly while chanting.
The orc wizard flickers and vanishes!
Deactivating autopickup; reactivate with Ctrl-A.
You barely miss the orc priest. The rat barely misses you. Something hits you.
The orc priest closely misses you.
Unknown command.
You slash the rat!
You kill the rat!
Trog accepts your kill.
You hear some strange, mumbled words.
A puff of frost appears from out of thin air!
The puff of frost hits you!
* * * LOW HITPOINT WARNING * * *
Something hits you.
* * * LOW HITPOINT WARNING * * *
The orc priest hits you.
* * * LOW HITPOINT WARNING * * *
Something hits you but does no damage.
The orc priest calls down the wrath of Beogh upon you.
Beogh smites you!
You die...

### ...
#.#############
#.##.o.5ooo....
#.##.#########.
##5##.# #@{o..#
##.#### .....
###.##.# #.# #
... ... ...


You could see an orc priest and a friendly ufetubus.

Vanquished Creatures
  3 adders (D:2)
  A worm (D:2)
  A dart slug (D:1)
  A ball python (D:2)
  2 giant cockroaches
  4 goblins
  4 hobgoblins
  8 bats
  4 frilled lizards
  5 kobolds (D:2)
  9 rats
42 creatures vanquished.

Vanquished Creatures (collateral kills)
  An orc wizard (D:2)
  An orc (D:3)
2 creatures vanquished.

Grand Total: 44 creatures vanquished

Notes
Turn   | Place    | Note
-------+----------+-------------------------------------------
     0 | D:1      | Gorice the Demonspawn Berserker began the quest for the Orb.
     0 | D:1      | Reached XP level 1. HP: 18/18 MP: 1/1
   268 | D:1      | Reached skill level 3 in Long Blades
   357 | D:1      | Gained mutation: A weak demonic guardian rushes to your aid. [demonic ancestry]
   357 | D:1      | Reached XP level 2. HP: 8/24 MP: 2/2
   561 | D:1      | HP: 5/24 [goblin/club (4)]
  1240 | D:2      | HP: 7/24 [poisoned by an adder]
  1517 | D:2      | Found an iron altar of Okawaru.
  1519 | D:2      | Reached XP level 3. HP: 28/29 MP: 3/3
  1732 | D:2      | Found a sacrificial altar of Ru.
  1741 | D:2      | HP: 8/29 [poisoned by an adder]
  1743 | D:2      | Reached skill level 4 in Long Blades
  1750 | D:2      | HP: 8/29 [orc wizard/dagger (2)]
  2003 | D:2      | Reached XP level 4. HP: 35/35 MP: 4/4
  2182 | D:2      | Reached ** piety under Trog
  2224 | D:2      | Found an ornate altar of the Wu Jian Council.
  2537 | D:3      | Killed from afar by an orc priest

Skill      XL: |  1  2  3 |
---------------+----------+-----
Long Blades    | 3 4 |  4.8
Fighting       | |  3.0
Armour         | |  1.7
Dodging        | |  1.7

Action                   |  1- 3 |  4- 6 || total
-------------------------+-------+-------++-------
Melee: Falchion          |    92 |    53 ||   145
Invok: Berserk           |     1 |       ||     1
  Use: Scroll            |     3 |     1 ||     4
       Potion            |     1 |       ||     1
 Stab: Sleeping          |     1 |       ||     1
       Paralysed         |     1 |       ||     1
  Eat: Chunk             |     4 |     2 ||     6
Armor: Animal skin       |    32 |     4 ||    36
       Ring mail         |       |    14 ||    14
Dodge: Dodged            |    71 |    35 ||   106
       Rpst.: Falchion   |    16 |    14 ||    30

Table legend:
 A = Turns spent in this place as a percentage of turns spent in the entire game.
 B = Non-inter-level travel turns spent in this place as a percentage of non-inter-level travel turns spent in the entire game.
 C = Inter-level travel turns spent in this place as a percentage of turns spent in this place.
 D = Turns resting spent in this place as a percentage of non-inter-level travel turns spent in this place.
 E = Turns spent auto-exploring this place as a percentage of non-inter-level travel turns spent in this place.
 F = Non-inter-level travel turns spent in this place divided by the number of levels of this place that you've seen.
                   A       B       C       D       E      F
               +-------+-------+-------+-------+-------+----------------------
         Total | 100.0 | 100.0 |   3.3 |  26.9 |  52.0 | 817.7
       Dungeon | 100.0 | 100.0 |   3.3 |  26.9 |  52.0 | 817.7
               +-------+-------+-------+-------+-------+----------------------

Vault maps used:
D:1:      tarquinn_simple_flora_water_f
D:2:      nicolae_overflow_crystal_walls, nicolae_overflow_hidden_temple,
          lemuel_round_altar, nicolae_ru_great_annihilating_truth
D:3:      minmay_close_crescents, uniq_grinder
